 Dungeon Crawl Stone Soup version 0.14-a0-1719-ga7e7698 (webtiles) character file.

180 4tharraofdagon the Firebug (level 5, -12/42 HPs)
             Began as a Naga Fire Elementalist on Jan 2, 2014.
             Mangled by an ogre
             ... wielding a +0,+0 giant club
              (23 damage)
             ... on Level 4 of the Dungeon.
             The game lasted 00:03:43 (490 turns).

4tharraofdagon the Firebug (Naga Fire Elementalist)  Turns: 490, Time: 00:03:43

HP -12/42        AC  3     Str 10      XL: 5   Next: 14%
MP   5/9         EV 10     Int 17      God:
Gold 50          SH  0     Dex 11      Spells:  3 memorised,  1 level left

rFire  . . .     SeeInvis +     e - +0 elf long sword
rCold  . . .     Clarity  .     a - +0 robe
rNeg   . . .     Conserve .     (no shield)
rPois  +         rCorr    .     (no helmet)
rElec  .         rRot     .     (no cloak)
SustAb . .       Spirit   .     n - +0 pair of gloves
rMut   .         Warding  .     (no barding)
Saprov . . .     Stasis   .     (no amulet)
                                (no ring)
                                (no ring)

@: very slow, slightly resistant to hostile enchantments, fairly stealthy
A: spit poison, see invisible, deformed body, poison resistance, slowness 2, AC
+1
a: Spit Poison


You were on level 4 of the Dungeon.
You were not hungry.

You visited 1 branch of the dungeon, and saw 4 of its levels.
You also visited: Sewer.

You collected 50 gold pieces.

Inventory:

Hand weapons
 e - a +0,+0 elven long sword (weapon)
Armour
 a - a +0 robe (worn)
 n - a +0 pair of gloves (worn)
Comestibles
 c - 3 bread rations
 g - a pear
Scrolls
 d - 2 scrolls of teleportation {unknown}
 f - a scroll of enchant weapon II {unknown}
 h - 4 scrolls of identify {unknown}
 j - a scroll of curse weapon {unknown}
 k - a scroll of random uselessness {unknown}
 l - a scroll of enchant weapon I {unknown}
 m - a scroll of recharging {unknown}
 o - 3 scrolls of fog {unknown}
 r - a scroll of fear {unknown}
Potions
 i - a potion of curing {unknown}
 p - 2 potions of flight {unknown}
 q - a potion of berserk rage {unknown}
 s - a potion of lignification {unknown}
Books
 b - a book of Flames

   Spells                             Type                      Level
   *Flame Tongue                      Conjuration/Fire             1
   Throw Flame                        Conjuration/Fire             2
   *Conjure Flame                     Conjuration/Fire             3
   Inner Flame                        Hexes/Fire                   3
   *Sticky Flame                      Conjuration/Fire             4
   Fireball                           Conjuration/Fire             5


   Skills:
 + Level 0.2 Long Blades
 - Level 1.5 Dodging
 - Level 3.0 Stealth
 + Level 2.7 Spellcasting
 * Level 2.4 Conjurations
 * Level 4.5 Fire Magic


You had one spell level left.
You knew the following spells:

 Your Spells              Type           Power        Failure   Level  Hunger
a - Flame Tongue          Conj/Fire      ##...        4%          1    #......
b - Conjure Flame         Conj/Fire      ##......     14%         3    ###....
c - Sticky Flame          Conj/Fire      ##......     45%         4    #####..


Dungeon Overview and Level Annotations

Branches:
Dungeon (4/16)
 Temple: D:4-7

Altars:

Shops:
D:4 *


Innate Abilities, Weirdness & Mutations

You cannot wear boots.
You can spit poison.
Your serpentine skin is tough (AC +1).
You have supernaturally acute eyesight.
Armour fits poorly on your strangely shaped body.
Your system is resistant to poisons.
You cover ground very slowly.


Message History

Confirm with . or Enter, or press ? or * to list all spells.
Aiming: Flame Tongue
Press: ? - help, Shift-Dir - straight line, f/p - ogre
Aim: an ogre, wielding a giant club (lightly wounded)
The flame hits the ogre.
The ogre is moderately wounded.
The ogre hits you with a giant club!
Ouch! That really hurt!
* * * LOW HITPOINT WARNING * * *
Casting: Flame Tongue
Confirm with . or Enter, or press ? or * to list all spells.
Aiming: Flame Tongue
Press: ? - help, Shift-Dir - straight line, f/p - ogre
Aim: an ogre, wielding a giant club (moderately wounded)
The flame hits the ogre.
The ogre is heavily wounded.
You have got your breath back.
The ogre hits you with a giant club!
Ouch! That really hurt!
You die...

#.#######.............#
#.####.######.
....#####..........#
#................#
#).#####.........#
....#.........####
#................
###.........####
####.....O@..# #.
#............# ###.
#.##.%.......#########
...##.###.......#.......)#
#.#...##.#.####.#######.#
.###.............<.# #.#
........)##.#.###..# #.#
.###........#.###..# #.#
...................# #.#


You could see an ogre.

Vanquished Creatures
  Purgy (Sewer)
  An adder (D:2)
  A green rat (D:4)
  3 giant geckos (D:4)
  An orc (D:4)
  A ball python (Sewer)
  A bat (D:2)
  A giant cockroach (D:4)
  5 giant newts
  2 goblins (D:4)
17 creatures vanquished.

Notes
Turn   | Place    | Note
--------------------------------------------------------------
     0 | D:1      | 4tharraofdagon, the Naga Fire Elementalist, began the quest for the Orb.
     0 | D:1      | Reached XP level 1. HP: 15/15 MP: 3/3
    49 | D:2      | Reached XP level 2. HP: 19/22 MP: 2/4
   141 | D:4      | Found Bluyneg's Assorted Antiques.
   197 | D:4      | Reached XP level 3. HP: 25/28 MP: 1/6
   206 | D:4      | Learned a level 3 spell: Conjure Flame
   211 | D:4      | Found a glowing drain.
   215 | Sewer    | Entered a sewer
   325 | Sewer    | Noticed Purgy
   338 | Sewer    | Killed Purgy
   338 | Sewer    | Reached skill level 4 in Fire Magic
   338 | Sewer    | Reached XP level 4. HP: 25/36 MP: 1/8
   338 | Sewer    | Reached XP level 5. HP: 29/42 MP: 1/9
   354 | Sewer    | NO HIDE :(
   359 | Sewer    | Learned a level 4 spell: Sticky Flame
   481 | D:4      | Noticed an ogre
   490 | D:4      | Mangled by an ogre

Action                   |  1- 3 |  4- 6 || total
-------------------------+-------+-------++-------
Melee: Long sword        |    11 |     2 ||    13
 Cast: Flame Tongue      |     9 |     7 ||    16
       Conjure Flame     |     1 |       ||     1
 Abil: Spit Poison       |     6 |     5 ||    11
